 Dungeon Sprint DCSS version 0.21-a0-41-g5e91fef (webtiles) character file.

1470 Kidiri the Thaumaturge (level 8, -2/50 (51) HPs)
             Began as a Deep Elf Fire Elementalist on June 3, 2017.
             Was an Initiate of Vehumet.
             Slain by a polar bear (20 damage)
             ... in the Dungeon (Sprint II: "The Violet Keep of Menkaure").
             The game lasted 00:07:31 (894 turns).

Kidiri the Thaumaturge (Deep Elf Fire Elementalist)  Turns: 894, Time: 00:07:31

HP:   -2/50 (51)    AC:  9    Str:  5    XL:     8   Next: 49%
MP:   9/27          EV: 17    Int: 23    God:    Vehumet [......]
Gold: 335           SH:  0    Dex: 15    Spells: 15/33 levels left

rFire    . . .     SeeInvis .   (no weapon)
rCold    . . .     Gourm    .   (no shield)
rNeg     . . .     Faith    .   e - +1 leather armour {rPois}
rPois    +         Spirit   .   f - +1 hat
rElec    .         Reflect  .   g - +2 cloak
rCorr    .         Harm     .   (no gloves)
MR       .....     NoTele   +   (no boots)
Stlth    ++........             (no amulet)
Regen    0.2/turn               (no ring)
MPRegen  0.2/turn               (no ring)

@: no status effects
A: no striking features
a: Renounce Religion


You were in the Dungeon.
You worshipped Vehumet.
Vehumet was noncommittal.
You were not hungry.

You visited 1 branch You collected 972 gold pieces.
You spent 637 gold pieces at shops.

Inventory:

Armour
 a - a +0 robe
 e - a +1 leather armour of poison resistance (worn)
 f - a +1 hat (worn)
 g - a +2 cloak (worn)
Jewellery
 j - an uncursed ring of magical power
Scrolls
 i - a scroll of blinking
Potions
 h - a potion of berserk rage
Books
 b - a book of Flames

   Spells                             Type                      Level
   a - Flame Tongue                   Conjuration/Fire             1
   b - Throw Flame                    Conjuration/Fire             2
   c - Conjure Flame                  Conjuration/Fire             3
   d - Inner Flame                    Hexes/Fire                   3
   e - Sticky Flame                   Conjuration/Fire             4
   f - Fireball                       Conjuration/Fire             5
Comestibles
 c - a bread ration
 d - a royal jelly


   Skills:
 + Level 5.8 Fighting
 + Level 5.9 Armour
 + Level 9.1 Dodging
 - Level 2.4 Stealth
 * Level 13.2 Spellcasting
 + Level 7.9 Conjurations
 + Level 8.6 Fire Magic


You had 15 spell levels left.
You knew the following spells:

 Your Spells              Type           Power        Failure   Level  Hunger
a - Flame Tongue          Conj/Fire      #####        1%          1    None
b - Throw Flame           Conj/Fire      ######       1%          2    None
c - Conjure Flame         Conj/Fire      ######..     1%          3    None
d - Inner Flame           Hex/Fire       #####...     3%          3    None
e - Sticky Flame          Conj/Fire      ######..     1%          4    None
f - Fireball              Conj/Fire      ######....   6%          5    ###....


Dungeon Overview and Level Annotations

Branches:
Dungeon (1/1)

Altars:
Cheibriados
Dithmenos
Elyvilon
Fedhas
Gozag
Hepliaklqana
Kikubaaqudgha
Makhleb
Nemelex Xobeh
Okawaru
Qazlal
Ru
Sif Muna
Trog
Uskayaw
Vehumet
Wu Jian
Xom
Yredelemnul
Zin
The Shining One
Beogh
Jiyva
Lugonu

Shops:
D }*:![(=[!:=}?[:%

Annotations:
D exclusion: oklob plant


Message History

Unknown command.
Casting: Sticky Flame
Confirm with . or Enter, or press ? or * to list all spells.
Aiming: Sticky Flame
Press: ? - help, Shift-Dir - straight line, f - polar bear, p - hornet
Aim: a polar bear (severely wounded, berserk, fast, unusually strong)
The sticky flame hits the polar bear.
The polar bear is severely wounded.
The polar bear is covered in liquid flames!
The hornet burns!
You kill the hornet!
Vehumet accepts your kill.
Your Dodging skill increases to level 9!
Your Spellcasting skill increases to level 13!
The polar bear burns!
The polar bear completely misses you. The polar bear claws you.
The polar bear claws you but does no damage.
The polar bear closely misses you. x3
The polar bear burns!
The polar bear bites you!!
You die...

#≈≈..§..≈#§########+###
≈≈≈≈≈≈..≈#c._.....#≈§§##
≈≈≈≈≈§§.≈#._._....#≈≈§≈#
≈≈≈≈≈≈≈≈≈#_._._...#≈≈§≈§
§≈§§≈≈≈§≈#._._._..#§≈t≈§
§§§§≈§≈≈≈#_._._._.#§§≈§
≈≈§###≈≈#._._.hh_#§§≈§
#§≈#.._._h_.#≈§§§ .+
#§≈#._._._@.#t§§§ ##
≈§§§##########≈≈§§ #
#####≈≈≈≈≈≈≈≈≈≈≈≈≈▓
§§###≈########≈▓▓▓▓
§.##≈ ▓▓ §.+


You could see 3 polar bears, a yaktaur and 2 crocodiles.

Vanquished Creatures
  A merfolk siren (D)
  A hornet (D)
  2 tyrant leeches (D)
  4 necrophages (D)
  A crocodile (D)
  A scorpion (D)
  4 worker ants (D)
14 creatures vanquished.

Vanquished Creatures (others)
  Menkaure (D)
  A crocodile (D)
2 creatures vanquished.

Grand Total: 16 creatures vanquished

Notes
Turn   | Place    | Note
-------+----------+-------------------------------------------
     0 | D        | Kidiri the Deep Elf Fire Elementalist began the quest for the Orb.
     0 | D        | Reached XP level 1. HP: 10/10 MP: 6/6
     1 | D        | Noticed a worker ant
     1 | D        | Noticed a worker ant
     1 | D        | Noticed a worker ant
     1 | D        | Noticed a worker ant
     5 | D        | Noticed a tyrant leech
     5 | D        | Noticed a tyrant leech
    19 | D        | Killed a worker ant
    19 | D        | Reached skill level 1 in Fighting
    19 | D        | Reached skill level 1 in Armour
    19 | D        | Reached skill level 5 in Spellcasting
    19 | D        | Reached XP level 2. HP: 16/16 MP: 0/10
    30 | D        | Reached XP level 3. HP: 17/21 MP: 2/12
    34 | D        | Reached skill level 6 in Spellcasting
    34 | D        | Reached XP level 4. HP: 24/26 MP: 0/14
    46 | D        | Learned a level 2 spell: Throw Flame
    50 | D        | Learned a level 3 spell: Conjure Flame
    54 | D        | Learned a level 3 spell: Inner Flame
    57 | D        | Killed Menkaure
    59 | D        | Learned a level 4 spell: Sticky Flame
    90 | D        | Killed a crocodile
   165 | D        | Noticed a necrophage
   165 | D        | Noticed a necrophage
   165 | D        | Noticed a necrophage
   165 | D        | Noticed a necrophage
   172 | D        | Killed a necrophage
   172 | D        | Reached skill level 5 in Dodging
   172 | D        | Reached skill level 8 in Spellcasting
   172 | D        | Reached skill level 5 in Fire Magic
   172 | D        | Reached XP level 5. HP: 32/32 MP: 6/17
   181 | D        | Killed a necrophage
   181 | D        | Reached skill level 9 in Spellcasting
   181 | D        | Reached skill level 5 in Conjurations
   181 | D        | Reached XP level 6. HP: 37/37 MP: 0/20
   218 | D        | Reached skill level 10 in Spellcasting
   358 | D        | Learned a level 5 spell: Fireball
   374 | D        | Killed a tyrant leech
   374 | D        | Reached skill level 11 in Spellcasting
   374 | D        | Reached XP level 7. HP: 6/43 MP: 6/23
   375 | D        | Killed a tyrant leech
   375 | D        | Reached skill level 5 in Fighting
   375 | D        | Reached skill level 5 in Armour
   648 | D        | Noticed a merfolk siren
   657 | D        | Killed a merfolk siren
   657 | D        | Reached skill level 12 in Spellcasting
   657 | D        | Reached XP level 8. HP: 49/49 MP: 15/26
   737 | D        | Noticed a flying skull
   737 | D        | Noticed a flying skull
   737 | D        | Noticed a flying skull
   738 | D        | Noticed a flying skull
   738 | D        | Noticed a flying skull
   738 | D        | Noticed a flying skull
   738 | D        | Noticed a flying skull
   738 | D        | Noticed a flying skull
   738 | D        | Noticed a flying skull
   738 | D        | Noticed a flying skull
   739 | D        | Noticed a flying skull
   739 | D        | Noticed a flying skull
   742 | D        | Found Peisuapral's Food Shop.
   744 | D        | Found Beock's Armour Boutique.
   744 | D        | Found Replen's Book Boutique.
   746 | D        | Found Foyd's Gadget Shop.
   746 | D        | Found Ziexuf's Magic Scroll Shop.
   748 | D        | Found Etuquufy's Book Boutique.
   748 | D        | Found Xunygg's Jewellery Boutique.
   749 | D        | Found Rozy's Antique Armour Shop.
   760 | D        | Found Roarekh's Distillery.
   761 | D        | Found Soicere's Jewellery Shop.
   761 | D        | Found Geoptiurch's Antique Weapon Boutique.
   768 | D        | Found Zoenekih's Antique Armour Shop.
   768 | D        | Found Fiuru's Distillery.
   768 | D        | Noticed a fire dragon
   768 | D        | Noticed an oklob plant
   769 | D        | Found Juigho's General Store.
   769 | D        | Found Gikasigu's Gadget Boutique.
   769 | D        | Found Omiel's Book Shoppe.
   772 | D        | Noticed a slime creature
   774 | D        | Noticed a slime creature
   786 | D        | Noticed an iron elemental
   797 | D        | Noticed a slime creature
   801 | D        | Bought a runed leather armour for 90 gold pieces
   801 | D        | Bought an embroidered hat for 126 gold pieces
   828 | D        | Bought a +2 cloak for 181 gold pieces
   843 | D        | Bought an uncursed ring of magical power for 240 gold pieces
   869 | D        | Found an iron altar of Okawaru.
   869 | D        | Found a radiant altar of Vehumet.
   870 | D        | Found a sparkling altar of Nemelex Xobeh.
   870 | D        | Found a hide-covered altar of Uskayaw.
   870 | D        | Found a glowing silver altar of Zin.
   871 | D        | Found an opulent altar of Gozag.
   871 | D        | Found a burning altar of Makhleb.
   871 | D        | Found a bloodstained altar of Trog.
   872 | D        | Found a blossoming altar of Fedhas.
   872 | D        | Found a corrupted altar of Lugonu.
   872 | D        | Found a basalt altar of Yredelemnul.
   872 | D        | Found a deep blue altar of Sif Muna.
   873 | D        | Found a white marble altar of Elyvilon.
   873 | D        | Found an ancient bone altar of Kikubaaqudgha.
   874 | D        | Found a shadowy altar of Dithmenos.
   874 | D        | Found a viscous altar of Jiyva.
   875 | D        | Found a snail-covered altar of Cheibriados.
   877 | D        | Found a roughly hewn altar of Beogh.
   877 | D        | Found a shimmering altar of Xom.
   877 | D        | Found a sacrificial altar of Ru.
   877 | D        | Found a hazy altar of Hepliaklqana.
   877 | D        | Noticed a hornet
   877 | D        | Noticed a polar bear
   878 | D        | Found a glowing golden altar of the Shining One.
   878 | D        | Found an ornate altar of the Wu Jian Council.
   878 | D        | Found a stormy altar of Qazlal.
   878 | D        | Noticed a yaktaur
   879 | D        | Noticed a polar bear
   879 | D        | Noticed a polar bear
   882 | D        | Became a worshipper of Vehumet
   893 | D        | Killed a hornet
   893 | D        | Reached skill level 13 in Spellcasting
   894 | D        | Slain by a polar bear

Vault maps used:
D:        the_violet_keep_of_menkaure

Skill      XL: |  1  2  3  4  5  6  7  8 |
---------------+-------------------------+-----
Fighting       | 1 2 3 4 5 |  5.8
Armour         | 1 2 3 4 5 |  5.9
Dodging        | 3 4 5 6 7 8 9 |  9.1
Spellcasting   | 5 6 8 9 11 12 13 | 13.2
Conjurations   | 2 3 4 5 6 7 |  7.9
Fire Magic     | 4 5 6 7 8 |  8.6
Stealth        | |  2.4

Action                   |  1- 3 |  4- 6 |  7- 9 || total
-------------------------+-------+-------+-------++-------
Melee: Unarmed           |       |     3 |       ||     3
 Cast: Flame Tongue      |    17 |    19 |    10 ||    46
       Conjure Flame     |       |     3 |     3 ||     6
       Sticky Flame      |       |     3 |     6 ||     9
       Inner Flame       |       |     1 |       ||     1
  Use: Potion            |     3 |     2 |       ||     5
Armor: Robe              |     3 |       |       ||     3
       Leather armour    |       |       |     6 ||     6
Dodge: Dodged            |    11 |     7 |    15 ||    33
